 Dungeon Crawl Stone Soup version 0.30-a0-743-gbfdf073431 (webtiles) character file.

Game seed: 14071502180085450596

41989 ASSMAN the Reanimator (level 13, -23/99 HPs)
             Began as a Demonspawn Transmuter on Feb 5, 2023.
             Was a Believer of Ashenzari.
             Annihilated by a sun demon (30 damage)
             ... on level 1 of the Abyss.
             The game lasted 00:45:27 (15383 turns).

ASSMAN the Reanimator (Demonspawn Transmuter)      Turns: 15383, Time: 00:45:27

Health: -23/99     AC: 10    Str: 11    XL:     13   Next: 83%
Magic:  0/24       EV: 20    Int: 23    God:    Ashenzari [**....]
Gold:   445        SH:  0    Dex: 16    Spells: 1/27 levels left

rFire   x . .      SeeInvis +    G - +11 dagger of the Enigmatic Inaction {pain, Int+3, Alch, Comp} (curse)
rCold   + . .      Faith    .    (no shield)
rNeg    . . .      Spirit   +    z - +4 troll leather armour of Hyavyeh {Regen+ Dex+3}
rPois   .          Reflect  .    (helmet currently unavailable)
rElec   .          Harm     +    R - scarf of Ashenzari's Scepticism {harm, Alch, Bglg} (curse)
rCorr   .          Rampage  .    B - +0 pair of gloves
Will    .....                    (boots currently unavailable)
Stlth   ++                       s - amulet of regeneration
HPRegen 0.00/turn                I - ring of ice
MPRegen 0.38/turn                o - +5 ring of evasion

@: appendages, sick
A: horns 2, talons 2, icemail 2, magic shield, magic regeneration, magic link,
sharp scales 1, condensation shield, weakness stinger 2
a: End Transformation, Renounce Religion, Shatter the Chains


You were on level 1 of the Abyss.
You worshipped Ashenzari.
Ashenzari was pleased with you.
You had temporarily grown beastly horns and talons.
You visited 3 branches of the dungeon, and saw 15 of its levels.
You visited the Abyss 1 time.
You also visited: Sewer and Ice Cave.

You collected 1471 gold pieces.
You spent 1026 gold pieces at shops.

Inventory:

Hand Weapons
 p - a +5 short sword of draining
 y - the +6 demon blade of the Mind {vamp, Int+4}
   (You found it on level 7 of the Dungeon)

   Int:       It affects your intelligence (+4).
 G - the cursed +11 dagger of the Enigmatic Inaction (weapon) {pain, Int+3, Alch, Comp}
   (You bought it in a shop on level 3 of the Dungeon)

   Int:       It affects your intelligence (+3).
   It has a curse which improves the following skills: Alchemy: Poison Magic and
   Transmutations.
   Companions: Summonings and Necromancy.
Missiles
 C - a throwing net
Armour
 e - the cursed +1 helmet of Supernal Wisdom (melded) {Comp, Cun}
   (You found it on level 3 of the Dungeon)

   It has a curse which improves the following skills: Companions: Summonings
   and Necromancy.
   Cunning:   Dodging and Stealth.
 v - +0 acid dragon scales
 z - the +4 troll leather armour of Hyavyeh (worn) {Regen+ Dex+3}
   (You found it on level 7 of the Dungeon)

   Dex:       It affects your dexterity (+3).
   Regen:     It increases your rate of health regeneration.
 B - a +0 pair of gloves (worn)
 D - a +2 helmet of intelligence
 J - a +1 robe of cold resistance
 Q - a +2 pair of boots
 R - the cursed scarf of Ashenzari's Scepticism (worn) {harm, Alch, Bglg}
   (You found it on level 10 of the Dungeon)

   It has a curse which improves the following skills: Alchemy: Poison Magic and
   Transmutations.
   Beguiling: Conjurations, Hexes and Translocations.
 V - the cursed +2 pair of boots of the Profound Mistrust (melded) {rElec rC- Regen+ rCorr Dex+3, Melee, Self}
   (You found it in an ice cave)

   Dex:       It affects your dexterity (+3).
   rC:        It makes you vulnerable to cold.
   rElec:     It insulates you from electricity.
   Regen:     It increases your rate of health regeneration.
   rCorr:     It protects you from acid and corrosion.
   It has a curse which improves the following skills: Melee Combat: Short
   Blades, Long Blades, Axes, Maces & Flails, Polearms, Staves and Unarmed
   Combat.
   Introspection: Fighting and Spellcasting.
Jewellery
 d - a +4 ring of protection
 i - a ring of resist corrosion
 k - an amulet of the acrobat
 o - a +5 ring of evasion (right hand)
 s - an amulet of regeneration (around neck)
 x - a ring of ice
 F - an amulet of reflection
 H - a ring of magical power
 I - a ring of ice (left hand)
 K - a ring of flight
 S - a ring of positive energy
Wands
 h - a wand of flame (28)
 O - a wand of polymorph (3)
 U - a wand of iceblast (8)
Scrolls
 q - 3 scrolls of enchant armour
 r - 8 scrolls of teleportation
 t - a scroll of blinking
 w - 3 scrolls of fear
 E - a scroll of fog
 M - a scroll of magic mapping
 N - a scroll of silence
 P - a scroll of amnesia
 T - 2 scrolls of enchant weapon
Potions
 b - 3 potions of lignification
 c - 2 potions of cancellation
 f - 3 potions of resistance
 g - 2 potions of might
 j - 2 potions of magic
 l - 3 potions of brilliance
 m - 3 potions of flight
 n - 5 potions of attraction
 u - 4 potions of curing
 L - 2 potions of ambrosia
Miscellaneous
 a - a lightning rod (4/4)
 A - a phantom mirror
 W - a condenser vane


   Skills:
 + Level 8.4 Fighting
 - Level 10.0 Short Blades
 + Level 7.5 Dodging
 - Level 1.0 Stealth
 - Level 8.0 Unarmed Combat
 + Level 7.5 Spellcasting
 - Level 5.0(6.2) Hexes
 * Level 11.6(12.8) Necromancy
 * Level 8.7(10.7) Transmutations


You had one spell level left.
You knew the following spells:

 Your Spells              Type           Power      Damage    Failure   Level
a - Beastly Appendage     Tmut           100%       N/A       1%          1
b - Wereblood             Tmut           55%        N/A       1%          2
c - Confusing Touch       Hex            37%        N/A       2%          3
d - Vampiric Draining     Necr           61%        2d10      1%          3
e - Ice Form              Ice/Tmut       50%        N/A       11%         4
f - Blade Hands           Tmut           27%        N/A       3%          5
g - Sting                 Tmut/Pois      100%       1d8       1%          1
h - Dragon Form           Tmut           27%        N/A       69%         7

Your spell library contained the following spells:

 Spells                   Type           Power      Damage    Failure   Level
 Slow                     Hex            100%       N/A       1%          1
 Summon Small Mammal      Summ           36%        N/A       9%          1
 Foxfire                  Conj/Fire      36%        2x1d5     10%         1
 Shock                    Conj/Air       36%        1d5       10%         1
 Spider Form              Tmut/Pois      33%        N/A       3%          3
 Summon Guardian Golem    Hex/Summ       23%        N/A       8%          3
 Cause Fear               Hex            18%        N/A       8%          4
 Momentum Strike          Conj/Tloc      18%        3d8       14%         2
 Poisonous Vapours        Pois/Air       18%        N/A       14%         2
 Call Canine Familiar     Summ           9%         N/A       26%         3
 Olgreb's Toxic Radiance  Pois           9%         N/A       65%         4
 Animate Armour           Summ/Erth      18%        N/A       67%         4
 Flame Wave               Conj/Fire      9%         2d6       67%         4
 Eringya's Noxious Bog    Tmut/Pois      16%        N/A       83%         6
 Summon Forest            Summ/Tloc      4%         N/A       94%         5
 Fireball                 Conj/Fire      4%         3d4       95%         5
 Freezing Cloud           Conj/Ice/Air   6%         6-21      95%         5
 Iron Shot                Conj/Erth      4%         9d2       100%        6
 Storm Form               Tmut/Air       16%        N/A       100%        7
 Summon Hydra             Summ           4%         N/A       100%        7
 Chain Lightning          Conj/Air       4%         3d6       100%        9
 Dragon's Call            Summ           4%         N/A       100%        9
 Fire Storm               Conj/Fire      4%         8d1       100%        9
 Shatter                  Erth           4%         3d7*      100%        9


Dungeon Overview and Level Annotations

Branches:
Dungeon (12/15)            Temple (1/1) D:7            Lair (2/5) D:8
    Orc (0/2) D:11          Sewer (visited)           IceCv (visited)
  Swamp: Lair:2-3    Shoals: Lair:2-3     Snake: Lair:2-3    Spider: Lair:2-3

Altars:
Ashenzari
Cheibriados
Dithmenos
Fedhas
Gozag
Hepliaklqana
Kikubaaqudgha
Makhleb
Nemelex Xobeh
Okawaru
Qazlal
Ru
Sif Muna
Trog
Uskayaw
Vehumet
Wu Jian
Xom
Yredelemnul

Shops:
D:3 (   D:11 (

Annotations:
D:4 3 runed translucent doors, jimonade's ghost, amateur DjHW
D:10 1 runed translucent door, experimilk's ghost, journeyman DrCj
Lair:2 Sonja


Innate Abilities, Weirdness & Mutations

You have temporarily grown beastly horns and talons.
A meltable icy envelope protects you from harm. (AC +0)
When hurt, damage is shared between your health and your magic reserves.
You regenerate magic rapidly.
When low on magic, you restore magic in place of health.
You are partially covered in razor-sharp scales. (AC +1, Slay +1)
A meltable shield of frost defends you. (SH +0)
You have a tail ending in a sharp stinger.


Message History

You puncture the sun demon!
You claw the sun demon, but do no damage.
You headbutt the sun demon, but do no damage.
The sun demon is lightly wounded.
The sun demon misses you.
The golden eye blinks!
You hit the sun demon.
You claw the sun demon, but do no damage.
The sun demon is moderately wounded.
The smoke demon gestures at you. Something smites you!
You hit the sun demon.
Your tail-slap misses the sun demon.
Your punch misses the sun demon.
The sun demon is heavily wounded.
The sun demon hits you!!
You are engulfed in flames!
The fire burns you terribly!
You hit the sun demon but do no damage. Your punch misses the sun demon.
The sun demon is moderately wounded.
You closely miss the sun demon.
You claw the sun demon, but do no damage.
The sun demon is moderately wounded.
The sun demon misses you.
You puncture the sun demon! Your kick misses the sun demon.
You headbutt the sun demon, but do no damage.
Your tail-slap misses the sun demon.
The sun demon is severely wounded.
The sun demon hits you!
You are engulfed in flames!!
The fire burns you terribly!
* * * LOW HITPOINT WARNING * * *
You hit the sun demon but do no damage.
You claw the sun demon, but do no damage.
You headbutt the sun demon.
You tail-slap the sun demon, but do no damage.
The sun demon is severely wounded.
You hit the sun demon but do no damage. You claw the sun demon.
You headbutt the sun demon!
The sun demon is almost dead.
The sun demon hits you.
* * * LOW HITPOINT WARNING * * *
You are engulfed in flames!!
The fire burns you terribly!
You die...

. , , , , . *
,,, , ,, * ,*
* .h *## *
##*, , ,
....#.###.# *
* *
..X...G..## *
* ,. #34.# ,
....3{{#3##
..... .{#@###,
**..,*#####..#
, ,,*,# ###
.#* # * ## *
,,,, , * ,# ,
, ,# , , * ,,
, , *, * , , #
♣ , * ,. , #


You could see a sun demon, an ice devil, a smoke demon and a golden eye.

Vanquished Creatures
  A tentacled starspawn (Abyss:1)
  Josephine (D:11)
  The ghost of AverageBear the Cleaver, a journeyman DsFi of Gozag (Lair:1)
  Fannar (D:11)
  Harold (D:11)
  A hydra (Lair:2)
  2 boulder beetles (D:12)
  3 two-headed ogres
  Urug (D:12)
  Lodul (D:10)
  A bog body (IceCv)
  A necromancer (IceCv)
  A bunyip skeleton (Abyss:1)
  Pikel (D:5)
  2 cyclopes (D:7)
  2 deep elf pyromancers
  4 oklob plants (Lair:1)
  2 ice statues (IceCv)
  3 black mambas
  2 cane toads (Lair:1)
  Maggie (D:6)
  A torpor snail (Lair:2)
  3 unseen horrors
  A rime drake (Lair:2)
  A freezing wraith (IceCv)
  2 anaconda simulacra (IceCv)
  A tengu conjurer (D:12)
  2 komodo dragons
  An ancient zyme (Abyss:1)
  6 ice devils
  5 trolls
  Grinder (D:6)
  2 polar bears
  5 blink frogs (Lair:2)
  A hornet (D:7)
  4 dream sheep (Lair:2)
  4 slime creatures
  2 shadows
  4 dire elephant simulacra (IceCv)
  7 wraiths
  36 yaks
  2 vampires
  4 wyverns
  A steam dragon (D:7)
  4 vampire mosquitoes (D:10)
  A golden eye (Abyss:1)
  Grum (D:8)
  3 harpy simulacra (IceCv)
  2 wargs (D:8)
  Menkaure (D:5)
  2 acid dragons
  A hydra simulacrum (IceCv)
  7 water moccasins
  Duvessa (D:6)
  Pargi (Sewer)
  3 black bears
  An ice beast (D:7)
  2 small abominations (Abyss:1)
  A sky beast (D:7)
  6 orc warriors
  8 ogres
  14 wolves
  4 phantoms
  5 centaurs
  3 kobold brigands
  Blork the orc (D:5)
  A gnoll sergeant (D:8)
  8 bullfrogs
  2 necrophages
  7 wights
  4 scorpions
  Dowan (D:6)
  A troll zombie (D:11)
  3 howler monkeys
  3 hounds
  2 jellies
  5 orc priests
  A gnoll bouda (D:7)
  11 iguanas
  12 orc wizards
  3 spriggan simulacra (IceCv)
  7 ogre zombies (D:11)
  3 gnolls (D:8)
  7 adders
  2 naga simulacra (IceCv)
  4 shadow imps
  2 white imps
  2 ufetubi (D:7)
  2 dart slugs
  35 orcs
  6 bats
  5 endoplasms
  5 giant cockroaches
  5 hobgoblins
  3 quokkas
  10 ball pythons
  13 frilled lizards
  11 goblins
  3 goblin skeletons (D:11)
  4 goblin zombies (D:11)
  2 hobgoblin skeletons (D:11)
  A hobgoblin zombie (D:11)
  12 kobolds
  An orc skeleton (D:11)
  14 orc zombies (D:11)
  3 rats
427 creatures vanquished.

Vanquished Creatures (others)
  A fungus (D:2)
  38 plants
  6 starspawn tentacles (Abyss:1)
  2 withered plants (Lair:1)
47 creatures vanquished.

Grand Total: 474 creatures vanquished

Notes
Turn   | Place    | Note
-------+----------+-------------------------------------------
     0 | D:1      | ASSMAN the Demonspawn Transmuter began the quest for the
                  | Orb.
     0 | D:1      | Reached XP level 1. HP: 15/15 MP: 3/3
   294 | D:1      | Gained mutation: A meltable shield of frost defends you.
                  | (SH +0) [demonic ancestry]
   294 | D:1      | Reached XP level 2. HP: 20/21 MP: 3/5
   350 | D:1      | Got the Excursus on the Windy Shift
   967 | D:2      | Gained mutation: You regenerate magic rapidly. [demonic
                  | ancestry]
   967 | D:2      | Reached XP level 3. HP: 27/27 MP: 4/6
  1028 | D:2      | Found a faded altar of an unknown god.
  1811 | D:3      | Noticed a scorpion
  1850 | D:3      | Found Tostaoqi's Weapon Boutique.
  2015 | D:2      | Gained mutation: A meltable icy envelope protects you from
                  | harm. (AC +0) [demonic ancestry]
  2015 | D:2      | Reached XP level 4. HP: 34/34 MP: 7/7
  2257 | D:3      | Reached skill level 1 in Short Blades
  2272 | D:3      | Found a glowing drain.
  2276 | Sewer    | Entered a sewer
  2293 | Sewer    | Learned a level 2 spell: Wereblood
  2379 | Sewer    | Noticed Pargi
  2428 | Sewer    | Killed Pargi
  2429 | Sewer    | Reached XP level 5. HP: 33/39 MP: 8/8
  3640 | D:4      | Found a runed translucent gate.
  3640 | D:4      | Found a runed translucent gate.
  3640 | D:4      | Found a runed translucent gate.
  3643 | D:4      | Found a shadowy altar of Dithmenos.
  3672 | D:4      | Reached XP level 6. HP: 46/46 MP: 9/9
  4027 | D:4      | Noticed jimonade's ghost (amateur DjHW)
  4076 | D:5      | Entered Level 5 of the Dungeon
  4109 | D:4      | Reached skill level 5 in Short Blades
  4228 | D:4      | Gained mutation: When hurt, damage is shared between your
                  | health and your magic reserves. [demonic ancestry]
  4228 | D:4      | Reached XP level 7. HP: 51/51 MP: 10/10
  4286 | D:5      | Noticed Pikel
  4317 | D:5      | Killed Pikel
  4329 | D:5      | Gained mutation: You have a small tail. [demonic ancestry]
  4329 | D:5      | Reached XP level 8. HP: 57/57 MP: 11/11
  4384 | D:5      | Noticed Blork the orc
  4394 | D:5      | Killed Blork the orc
  4481 | D:5      | Noticed Menkaure
  4493 | D:5      | Killed Menkaure
  4595 | D:5      | Found an opulent altar of Gozag.
  4704 | D:5      | Learned a level 3 spell: Confusing Touch
  4708 | D:5      | Learned a level 3 spell: Vampiric Draining
  4751 | D:5      | Got the Parchment of Arcane Weapons
  5077 | D:6      | Noticed Duvessa
  5331 | D:6      | Killed Duvessa
  5350 | D:6      | Noticed Dowan
  5356 | D:6      | Killed Dowan
  5376 | D:6      | Noticed an angel
  5380 | D:6      | Found a shimmering altar of Xom.
  5389 | D:6      | Found a radiant altar of Vehumet.
  5444 | D:6      | Noticed Grinder
  5455 | D:6      | Killed Grinder
  5456 | D:6      | Reached skill level 10 in Short Blades
  5456 | D:6      | Reached skill level 2 in Necromancy
  5456 | D:6      | Gained mutation: You have a tail ending in a sharp stinger.
                  | [demonic ancestry]
  5456 | D:6      | Reached XP level 9. HP: 50/62 MP: 7/12
  5507 | D:6      | Reached skill level 3 in Necromancy
  5536 | D:6      | Reached skill level 4 in Necromancy
  5559 | D:6      | Reached skill level 5 in Necromancy
  5569 | D:6      | Reached skill level 6 in Necromancy
  5582 | D:6      | Reached skill level 7 in Necromancy
  5691 | D:6      | Noticed Maggie
  5706 | D:6      | Killed Maggie
  5707 | D:6      | Reached skill level 8 in Necromancy
  5707 | D:6      | Reached skill level 1 in Hexes
  5879 | D:7      | Noticed a cyclops
  5879 | D:7      | Noticed a troll
  5883 | D:7      | Noticed a deep elf pyromancer
  5896 | D:7      | Killed a cyclops
  5897 | D:7      | Gained mutation: When low on magic, you restore magic in
                  | place of health. [demonic ancestry]
  5897 | D:7      | Reached XP level 10. HP: 68/68 MP: 10/13
  5915 | D:7      | Noticed a cyclops
  5916 | D:7      | Killed a deep elf pyromancer
  6017 | D:7      | Found a staircase to the Ecumenical Temple.
  6036 | Temple   | Entered the Ecumenical Temple
  6251 | Temple   | Became a worshipper of Ashenzari the Shackled
  6280 | D:7      | Killed a cyclops
  6281 | D:7      | Reached skill level 5 in Hexes
  6281 | D:7      | Reached skill level 5 in Transmutations
  6754 | D:7      | Identified the +6 demon blade of the Mind {vamp, Int+4}
  6754 | D:7      | Identified the +4 troll leather armour of Hyavyeh {Regen+
                  | Dex+3}
  6979 | D:8      | Found a burning altar of Makhleb.
  7046 | D:8      | Found a staircase to the Lair.
  7067 | D:8      | Noticed Grum
  7082 | D:8      | Reached XP level 11. HP: 62/78 MP: 11/16
  7084 | D:8      | Killed Grum
  7095 | D:8      | Reached skill level 5 in Unarmed Combat
  7149 | D:8      | Found a snail-covered altar of Cheibriados.
  7893 | D:9      | Noticed a two-headed ogre
  7903 | D:9      | Killed a two-headed ogre
  7904 | D:9      | Reached skill level 5 in Fighting
  8350 | D:9      | Identified the cursed +1 helmet of Supernal Wisdom {Comp,
                  | Cun} (You found it on level 3 of the Dungeon)
  8397 | D:9      | Reached skill level 1 in Stealth
  8433 | D:9      | Found a shimmering blue altar of Sif Muna.
  9051 | D:10     | Entered Level 10 of the Dungeon
  9051 | D:10     | Identified the +1 trident of Toqek {freeze, +Blink rPois
                  | rCorr}
  9051 | D:10     | Found a runed translucent door.
  9073 | D:10     | Noticed experimilk's ghost (journeyman DrCj)
  9262 | D:10     | Reached skill level 5 in Spellcasting
  9514 | D:10     | Reached skill level 5 in Dodging
  9860 | D:10     | Noticed Lodul
  9871 | D:10     | Killed Lodul
 10037 | D:3      | Bought the +11 dagger "Fyarr" {pain, Int+3} for 1026 gold
                  | pieces
 10038 | D:3      | Reached * piety under Ashenzari
 10044 | D:3      | Learned a level 4 spell: Ice Form
 10346 | D:11     | Noticed Fannar
 10361 | D:11     | Killed Fannar
 10546 | D:11     | Noticed Josephine
 10555 | D:11     | Killed Josephine
 10571 | D:11     | Gained mutation: A meltable icy envelope protects you from
                  | harm. (AC +0) [demonic ancestry]
 10571 | D:11     | Reached XP level 12. HP: 87/89 MP: 17/20
 10662 | D:11     | Found a staircase to the Orcish Mines.
 11119 | D:11     | Identified the +0 flail of the Orcish Mines {flame, rN+}
 11151 | D:11     | Found Hifaxzea's Weapon Shoppe.
 11205 | D:11     | Learned a level 5 spell: Blade Hands
 11225 | D:11     | Noticed Harold
 11443 | D:11     | Killed Harold
 11920 | D:12     | Reached skill level 9 in Necromancy
 11948 | D:12     | Noticed Nessos
 11971 | D:12     | Nessos changed into Nessos the scorpion
 11971 | D:12     | Noticed Nessos
 11975 | D:12     | Killed Nessos the scorpion
 12024 | D:12     | Noticed a two-headed ogre
 12030 | D:12     | Killed a two-headed ogre
 12134 | D:12     | Noticed a boulder beetle
 12144 | D:12     | Killed a boulder beetle
 12200 | D:12     | Noticed a boulder beetle
 12221 | D:12     | Killed a boulder beetle
 12222 | D:12     | Noticed Urug
 12238 | D:12     | Killed Urug
 12375 | D:12     | Noticed a two-headed ogre
 12380 | D:12     | Killed a two-headed ogre
 12812 | Lair:1   | Entered Level 1 of the Lair of Beasts
 12849 | Lair:1   | Found an ancient bone altar of Kikubaaqudgha.
 12894 | Lair:1   | Reached skill level 10 in Necromancy
 13099 | Lair:1   | Found a runed translucent door.
 13099 | Lair:1   | Noticed AverageBear's ghost (journeyman DsFi)
 13247 | Lair:1   | Gained mutation: You are partially covered in razor-sharp
                  | scales. (AC +1, Slay +1) [demonic ancestry]
 13247 | Lair:1   | Reached XP level 13. HP: 79/96 MP: 18/23
 13588 | Lair:1   | Reached ** piety under Ashenzari
 14022 | Lair:1   | Killed AverageBear's ghost
 14219 | Lair:2   | Found a frozen archway.
 14234 | IceCv    | Entered an ice cave
 14414 | IceCv    | Learned a level 1 spell: Sting
 14422 | IceCv    | Learned a level 7 spell: Dragon Form
 14469 | IceCv    | Reached skill level 11 in Necromancy
 14687 | IceCv    | Identified the +2 pair of boots of Past Mistakes {rElec rC-
                  | Regen+ rCorr Dex+3}
 14989 | Lair:2   | Noticed Sonja
 15013 | Abyss:1  | Cast into level 1 of the Abyss (Sonja)
 15112 | Abyss:1  | Noticed a tentacled starspawn
 15153 | Abyss:1  | Killed a tentacled starspawn
 15235 | Abyss:1  | Noticed a purple draconian
 15383 | Abyss:1  | Annihilated by a sun demon

Illustrated notes

Levels and vault maps discovered:
D:1:      dpeg_arrival_renting, layout_loops_ring
D:2:      layout_loops_ring, shapermc_ecumenical_altar_ellora
D:3:      layout_rooms, gup_sewer_entry_bowl, serial_shops, shop
D:4:      layout_cave_pods, nicolae_dithmenos_through_a_glass_darkly,
          gammafunk_ghost_icy
D:5:      layout_loops_ring, mainiacjoe_overflow_catwalk, minmay_misc_feat_room,
          uniq_blork_the_orc, uniq_pikel, uniq_menkaure
D:6:      layout_cave_pools, xom_teletrap_fun, overflow_temple_1_default,
          zin_angel, minmay_misc_feat_doors, uniq_duvessa, uniq_maggie,
          uniq_grinder
D:7:      layout_cave_pools, minmay_temple_entry_statues_fountains,
          minmay_the_grid_2x2 [minmay_the_grid_minigrid_small_alt,
          minmay_the_grid_doors, minmay_the_grid_odd_star,
          minmay_the_grid_prize_four_corners_diamond_b]
D:8:      layout_loops_ring, nicolae_overflow_crystal_walls, lemuel_round_altar,
          erik_lair_orcish_takeover, uniq_grum
D:9:      layout_layer_cave, overflow_temple_1_default, grunt_ministairs_1
D:10:     layout_grid_maze, ebering_ghost_funeral_grove,
          dreamdust_deal_with_the_devil, uniq_lodul
D:11:     layout_roguey, zombieorc2_lemuel, serial_shops,
          nicolae_shop_waterfront, minmay_quadrilaterals, uniq_fannar,
          uniq_josephine, uniq_harold
D:12:     layout_roguey, uniq_nessos, uniq_urug
Temple:   eino_temple_water
Lair:1:   minmay_lair_oklob_tunnel, layout_regular_city, gammafunk_ghost_grave,
          basic_altar
Lair:2:   layout_big_grid, portal_ice_cave_demonic_guard, uniq_sonja
Abyss:1:  base:
D:9

Skill      XL: |  1  2  3  4  5  6  7  8  9 10 11 12 13 |
---------------+----------------------------------------+-----
Unarmed Combat | 3 4 6 7 8 |  8.0
Fighting       | 2 4 6 7 8 |  8.4
Short Blades   | 3 4 5 7 10 | 10.0
Necromancy     | 2 8 10 11 | 11.6
Hexes          | 3 5 |  5.0
Transmutations | 3 5 7 8 |  8.7
Dodging        | 3 5 6 7 |  7.5
Spellcasting   | 3 5 6 7 |  7.5
Stealth        | 1 |  1.0

Action                     |  1- 3 |  4- 6 |  7- 9 | 10-12 | 13-15 || total
---------------------------+-------+-------+-------+-------+-------++-------
  Melee: Unarmed           |    95 |       |       |       |       ||    95
         Headbutt          |    12 |    20 |    55 |   158 |    47 ||   292
         Kick              |    12 |    36 |    81 |   246 |    64 ||   439
         Punch             |     3 |     5 |    12 |    42 |    33 ||    95
         Dagger            |     2 |   222 |   183 |   394 |   413 ||  1214
         Tailslap          |       |       |    53 |   176 |    91 ||   320
         Short sword       |       |       |   118 |   528 |       ||   646
   Cast: Beastly Appendage |    27 |    19 |    25 |    45 |    11 ||   127
         Wereblood         |       |     2 |     5 |    18 |     9 ||    34
         Confusing Touch   |       |       |     1 |       |     3 ||     4
 Invoke: Curse Item        |       |       |       |     2 |     2 ||     4
  Evoke: Wand              |       |       |     6 |     1 |       ||     7
    Use: Scroll            |       |     9 |     4 |     3 |     1 ||    17
         Potion            |       |     2 |       |     5 |     2 ||     9
   Stab: Confused          |       |       |     1 |       |       ||     1
         Sleeping          |       |       |       |     1 |     1 ||     2
 Armour: Robe              |    33 |    38 |    52 |    28 |       ||   151
         Skin              |       |    96 |       |     1 |       ||    97
         Troll leather arm |       |       |       |   211 |    61 ||   272
         Acid dragon scale |       |       |       |       |    22 ||    22
  Dodge: Dodged            |    56 |   133 |   124 |   528 |   204 ||  1045
  Block: Other             |     8 |    60 |    40 |   113 |    29 ||   250

Table legend: (Time is in decaauts)
 A = Elapsed time spent in this place.
 B = Non-inter-level travel time spent in this place.
 C = Inter-level travel time spent in this place.
 D = Time resting spent in this place.
 E = Time spent auto-exploring this place.
 F = Levels seen in this place.
 G = Mean time per level.
                   A        B        C        D        E       F      G
               +--------+--------+--------+--------+--------+-----+--------+
         Total |  14647 |  13460 |   1187 |   1789 |   8462 |  18 |  813.7 |
       Dungeon |  11701 |  10537 |   1164 |   1426 |   6852 |  12 |  975.1 |
        Temple |    230 |    220 |     10 |      0 |    192 |   1 |  230.0 |
          Lair |   1538 |   1526 |     12 |    127 |   1059 |   2 |  769.0 |
         Abyss |    350 |    350 |      0 |    139 |     87 |   1 |  350.0 |
         Sewer |    375 |    375 |      0 |     74 |    126 |   1 |  375.0 |
      Ice Cave |    450 |    450 |      0 |     23 |    145 |   1 |  450.0 |
               +--------+--------+--------+--------+--------+-----+--------+

Top non-repeatable levels by time:
    D:11: 1399 daAuts
    D:10: 1212 daAuts
     D:9: 1160 daAuts
  Lair:1: 1149 daAuts
     D:2: 1135 daAuts
     D:4: 1030 daAuts
     D:5: 1020 daAuts
     D:1: 935 daAuts
     D:8: 895 daAuts
     D:7: 856 daAuts
     D:3: 831 daAuts
    D:12: 665 daAuts
     D:6: 559 daAuts
   IceCv: 450 daAuts
  Lair:2: 388 daAuts
